 Dungeon Crawl Stone Soup version 0.31-a0-716-gc7603755dd (webtiles) character file.

Game seed: 17418170758399783359

2027613 snarfax the Conqueror (level 27, 222/273 HPs)
             Began as a Minotaur Fighter on Aug 25, 2023.
             Was an Elder of Elyvilon.
             Escaped with the Orb
             ... and 4 runes on Sept 11, 2023!
             The game lasted 06:11:48 (91940 turns).

snarfax the Conqueror (Minotaur Fighter)           Turns: 91940, Time: 06:11:49

Health: 222/273    AC: 40    Str: 30    XL:     27
Magic:  37/37      EV: 19    Int:  7    God:    Elyvilon [****..]
Gold:   6327       SH: 36    Dex: 15    Spells: 26/26 levels left

rFire   + . .        Y - +4 consecrated labrys {holy, Valiant Fragile Fly SInv}
rCold   + + +        T - +7 tower shield {rC+}
rNeg    + . .        a - +12 plate armour of the Arena {SInv}
rPois   .            W - +2 hat
rElec   .            i - +1 cloak "Hioxom" {Dex+5}
rCorr   +            C - +2 pair of gloves "Ketif" {Will+++ Str+5 Dex-3}
SInv    +            l - +2 pair of boots {Fly}
Will    +++++        s - amulet of reflection Stlth
                     H - ring of resist corrosion
HPRegen 0.65/turn    I - ring of the Country {rF+ rC++ rN+ Will+ Str-5}
MPRegen 0.25/turn

%: reflection
@: flying, studying 2 skills
A: horns 2, retaliatory headbutt, deformed body, mutation resistance 1
0: Orb of Zot
}: 4/15 runes: serpentine, barnacled, slimy, silver
a: Renounce Religion, Purification, Heal Other, Heal Self


You escaped.
You worshipped Elyvilon.
Elyvilon was greatly pleased with you.
You visited 12 branches of the dungeon, and saw 56 of its levels.
You visited the Abyss 1 time.
You visited 1 bazaar.
You also visited: Trove, Sewer, Gauntlet, Ice Cave and Wizlab.

You collected 8887 gold pieces.
You spent 2560 gold pieces at shops.

Inventory:

Hand Weapons
 E - a +1 broad axe of flaming
 M - a +1 spectral broad axe
 O - a +1 broad axe of freezing
 P - a +8 broad axe of venom
 Y - the +4 consecrated labrys (weapon) {holy, Valiant Fragile Fly SInv}
   (You acquired it on level 5 of the Vaults)

   Valiant:   It becomes more powerful as more dangerous foes come into view.
   SInv:      It lets you see invisible.
   Fly:       It grants you flight.
   Fragile:   It will be destroyed if unequipped.
Missiles
 j - 23 silver javelins
 k - 15 javelins
 x - 22 atropa-tipped darts
 R - 6 curare-tipped darts (quivered)
 V - 9 throwing nets
Armour
 a - the +12 plate armour of the Arena (worn) {SInv}
   (You found it in a treasure trove)

   SInv:      It lets you see invisible.
 i - the +1 cloak "Hioxom" (worn) {Dex+5}
   (You found it in a Gauntlet)

   Dex+5:     It affects your dexterity (+5).
 l - a +2 pair of boots of flying (worn)
 y - +1 gold dragon scales
 C - the +2 pair of gloves "Ketif" (worn) {Will+++ Str+5 Dex-3}
   (You found it in a Gauntlet)

   Str+5:     It affects your strength (+5).
   Dex-3:     It affects your dexterity (-3).
   Will+++:   It greatly increases your willpower.
 T - a +7 tower shield of cold resistance (worn)
 W - a +2 hat (worn)
Jewellery
 b - a +6 ring of dexterity
 m - a ring of protection from fire
 o - a +4 ring of protection
 q - the ring of Jitorul {Ice rN+ Dex+4}
   (You took it off Josephina on level 2 of the Crypt)

   [ring of ice]

   Ice:       It enhances your ice magic.
   Dex+4:     It affects your dexterity (+4).
   rF-:       It makes you vulnerable to fire.
   rC+:       It protects you from cold.
   rN+:       It protects you from negative energy.
 s - an amulet of reflection (around neck)
 w - a +6 ring of strength
 H - a ring of resist corrosion (left hand)
 I - the ring of the Country (right hand) {rF+ rC++ rN+ Will+ Str-5}
   (You bought it in a shop on level 1 of the Depths)

   [ring of willpower]

   Str-5:     It affects your strength (-5).
   rF+:       It protects you from fire.
   rC++:      It greatly protects you from cold.
   rN+:       It protects you from negative energy.
   Will+:     It increases your willpower.
 K - a ring of positive energy
 Q - a +5 ring of evasion
 S - a ring of positive energy
 Z - a +6 ring of intelligence
Wands
 d - a wand of iceblast (50)
 B - a wand of flame (157)
 N - a wand of digging (31)
Scrolls
 c - 4 scrolls of blinking
 n - 9 scrolls of fog
 t - a scroll of silence
 v - 13 scrolls of teleportation
 A - 11 scrolls of fear
 D - 6 scrolls of revelation
 G - 8 scrolls of poison
Potions
 e - 12 potions of heal wounds
 f - 11 potions of curing
 g - 4 potions of berserk rage
 h - 11 potions of lignification
 p - 2 potions of haste
 r - 4 potions of cancellation
 u - 7 potions of invisibility
 z - 6 potions of enlightenment
 F - 3 potions of ambrosia
 J - 3 potions of resistance
 L - 4 potions of mutation
 X - 4 potions of might
Miscellaneous
 U - a phantom mirror (inert)


   Skills:
 O Level 27 Fighting
 O Level 27 Axes
 - Level 3.7(18.4) Maces & Flails
 - Level 5.0 Throwing
 - Level 23.4 Armour
 + Level 23.5 Dodging
 + Level 25.0 Shields
 - Level 22.4 Invocations


You had 26 spell levels left.
You didn't know any spells.
Your spell library contained the following spells:

 Spells                   Type           Power      Damage    Failure   Level
 Apportation              Tloc           0%         N/A       87%         1
 Freeze                   Ice            0%         1d3       87%         1
 Magic Dart               Conj           0%         1d3       87%         1
 Sandblast                Erth           0%         2d4       87%         1
 Sting                    Tmut/Pois      0%         1d3       87%         1
 Blink                    Tloc           0%         N/A       95%         2
 Ensorcelled Hibernation  Hex/Ice        0%         N/A       95%         2
 Jinxbite                 Hex            0%         N/A       95%         2
 Passwall                 Tmut/Erth      0%         N/A       95%         2
 Scorch                   Fire           0%         2d5       95%         2
 Searing Ray              Conj           0%         2d4       95%         2
 Static Discharge         Conj/Air       0%         2-2/arc   95%         2
 Sublimation of Blood     Necr           0%         N/A       95%         2
 Wereblood                Tmut           0%         N/A       95%         2
 Call Canine Familiar     Summ           0%         N/A       99%         3
 Dazzling Flash           Conj/Hex       0%         N/A       99%         3
 Frozen Ramparts          Ice            0%         1d1       99%         3
 Hailstorm                Conj/Ice       0%         3d3       99%         3
 Inner Flame              Hex/Fire       0%         N/A       99%         3
 Ozocubu's Armour         Ice            0%         N/A       99%         3
 Portal Projectile        Hex/Tloc       0%         N/A       99%         3
 Sigil of Binding         Hex            0%         N/A       99%         3
 Stone Arrow              Conj/Erth      0%         3d7       99%         3
 Summon Guardian Golem    Hex/Summ       0%         N/A       99%         3
 Swiftness                Air            0%         N/A       99%         3
 Tukima's Dance           Hex            0%         N/A       99%         3
 Vampiric Draining        Necr           0%         2d6       99%         3
 Volatile Blastmotes      Fire/Tloc      0%         2d10      99%         3
 Airstrike                Air            0%         2d(0-16)  100%        4
 Anguish                  Hex/Necr       0%         N/A       100%        4
 Animate Armour           Summ/Erth      0%         N/A       100%        4
 Cause Fear               Hex            0%         N/A       100%        4
 Dimensional Bullseye     Hex/Tloc       0%         N/A       100%        4
 Dispel Undead            Necr           0%         3d6       100%        4
 Flame Wave               Conj/Fire      0%         2d4       100%        4
 Fulminant Prism          Conj/Hex       0%         3d5       100%        4
 Iskenderun's Mystic Bla  Conj/Tloc      0%         2d3       100%        4
 Leda's Liquefaction      Hex/Erth       0%         N/A       100%        4
 Manifold Assault         Tloc           0%         N/A       100%        4
 Olgreb's Toxic Radiance  Pois           0%         N/A       100%        4
 Sticky Flame             Conj/Fire      0%         2d3       100%        4
 Summon Ice Beast         Ice/Summ       0%         N/A       100%        4
 Summon Lightning Spire   Summ/Air       0%         N/A       100%        4
 Alistair's Intoxication  Tmut/Pois      0%         N/A       100%        5
 Fireball                 Conj/Fire      0%         3d3       100%        5
 Freezing Cloud           Conj/Ice/Air   0%         6-21      100%        5
 Irradiate                Conj/Tmut      0%         3d11      100%        5
 Iskenderun's Battlesphe  Conj           0%         2d6       100%        5
 Summon Forest            Summ/Tloc      0%         N/A       100%        5
 Summon Mana Viper        Hex/Summ       0%         N/A       100%        5
 Conjure Ball Lightning   Conj/Air       0%         3x3d6     100%        6
 Dispersal                Tloc           0%         N/A       100%        6
 Leda's Unmaking          Conj/Erth      0%         9d1       100%        6
 Simulacrum               Ice/Necr       0%         N/A       100%        6
 Starburst                Conj/Fire      0%         6d3       100%        6
 Summon Cactus Giant      Summ           0%         N/A       100%        6
 Enfeeble                 Hex            0%         N/A       100%        7
 Monstrous Menagerie      Summ           0%         N/A       100%        7
 Orb of Destruction       Conj           0%         9d5       100%        7
 Spellforged Servitor     Conj/Summ      0%         N/A       100%        7
 Borgnjor's Revivificati  Necr           0%         N/A       100%        8
 Discord                  Hex            0%         N/A       100%        8
 Disjunction              Tloc           0%         N/A       100%        8
 Ignition                 Fire           0%         3d3       100%        8
 Maxwell's Capacitive Co  Air            0%         ∞         100%        8
 Dragon's Call            Summ           0%         N/A       100%        9
 Shatter                  Erth           0%         3d5*      100%        9


Dungeon Overview and Level Annotations

Branches:
Dungeon (15/15)            Temple (1/1) D:5            Lair (5/5) D:11
 Shoals (4/4) Lair:2        Snake (4/4) Lair:3        Slime (5/5) Lair:4
    Orc (2/2) D:11            Elf (3/3) Orc:2        Vaults (5/5) D:14
  Crypt (3/3) Vaults:2       Tomb (0/3) Crypt:3      Depths (4/4) D:15
    Zot (5/5) Depths:4      Sewer (visited)           IceCv (visited)
 WizLab (visited)         Gauntlet (visited)

Altars:
Ashenzari
Cheibriados
Dithmenos
Elyvilon
Fedhas
Gozag
Hepliaklqana
Kikubaaqudgha
Makhleb
Nemelex Xobeh
Okawaru
Qazlal
Ru
Sif Muna
Trog
Uskayaw
Vehumet
Wu Jian
Xom
Yredelemnul
Zin
The Shining One
Jiyva

Shops:
D:1 !:((   D:3 [   D:10 (   Orc:2 :*[(   Elf:2 [   Shoals:1 ?   Snake:1 !
Snake:3 (   Vaults:5 ?   Depths:1 ==:   Depths:4 (

Portals:
Hell: Depths:1 Depths:2 Depths:3 Depths:4
Abyss: Depths:1 Depths:3 Depths:4
Pandemonium: Depths:2
Ziggurat: Depths:3

Annotations:
Elf:2 1 runed translucent door
Vaults:3 1 runed translucent door
Zot:2 2 transporters, Deah Kuhairgh's ghost, legendary GnIE
Zot:5 3 runed translucent doors, Sundig's ghost, legendary MiFi


Innate Abilities, Weirdness & Mutations

You have a pair of horns on your head.
You reflexively headbutt those who attack you in melee.
Armour fits poorly on your strangely shaped body.
You are somewhat resistant to further mutation.


Message History

You kill the sun demon!
You slice the sun demon!!
The sun demon convulses!!
You block the sun demon's attack.
You slash the sun demon!
You kill the sun demon!
A sixfirhy comes into view.
You block the sixfirhy's attack. The sixfirhy closely misses you.
You slash the sixfirhy!
The sixfirhy convulses!
The sixfirhy is severely wounded.
You block the sixfirhy's attack. x3
You hit the sixfirhy.
The sixfirhy convulses.
Your headbutt misses the sixfirhy.
The sixfirhy is severely wounded.
You block the sixfirhy's attack. x2
You barely miss the sixfirhy.
The sixfirhy is severely wounded.
You closely miss the sixfirhy. Your headbutt misses the sixfirhy.
The sixfirhy is severely wounded.
You cut the sixfirhy into ribbons!!!
You kill the sixfirhy!
An efreet comes into view.
It is wielding a +4 scimitar of flaming.
The efreet completely misses you. You furiously retaliate!
You headbutt the efreet! You slash the efreet!
The efreet convulses!!
You kill the efreet!
There is a stone staircase leading up here.
You fly upwards.
There is a stone staircase leading down here.
An ice devil comes into view.
Number of times to repeat, then command key: You must enter the number of times for the command to repeat.
There is an open door here.
A sixfirhy comes into view.
You slice the sixfirhy!!
The sixfirhy convulses!
You kill the sixfirhy!
There is an open door here.
A sun demon comes into view.
There is a staircase leading out of the dungeon here.
The sun demon shouts!
You have escaped!

#####..'...†..#
##...#..#...#.P#
##....####...####
##.....#..#...#.P#
.......#..'...'..#
#......#.P#.#.#..#
#......####3#.####
##.....#?P#...#..#
#.....#..'...'4@#
#.....#..#...#..#
###....####...####
.###...#.P#...#..#
## #.###(.'...'..#
# #.# #..#...#..#
####.#######'#####
#........4...#
#.........####


You could see a sun demon and an ice devil.

Vanquished Creatures
  2 pandemonium lords (Zot:5)
  the Royal Jelly (Slime:5)
  3 dread liches
  3 orbs of fire
  Mara (Depths:1)
  Mennas (Crypt:2)
  A juggernaut (Depths:4)
  Boris (Depths:3)
  Josephina (Crypt:2)
  Bai Suzhen (Depths:2)
  Frederick (Crypt:2)
  8 Killer Klowns
  Saint Roka (Depths:4)
  The ghost of rddays123 the Conqueror, a veteran MiFi of Okawaru (Depths:4)
  Xtahua (Depths:4)
  4 curse toes
  3 caustic shrikes (Depths:4)
  Nikola (Elf:3)
  8 golden dragons
  4 bone dragons
  3 electric golems
  An iron giant (Depths:4)
  18 tentacled monstrosities
  3 walking crystal tomes
  7 liches
  26 Orb Guardians
  Mlioglotl (Shoals:1)
  A quicksilver dragon (shapeshifter) (Vaults:4)
  3 walking divine tomes
  2 walking frostbound tomes
  A deep elf blademaster (Elf:3)
  7 quicksilver dragons
  5 titans
  The ghost of Caumakya the Peltast, an adept MiFi of Okawaru (Snake:2)
  3 Executioners
  9 death cobs
  An ancient champion (Crypt:1)
  11 sphinxes
  3 krakens (Shoals:1)
  The ghost of sizableburger the Swashbuckler, an adept KoVM of Uskayaw (Snake:2)
  18 acid blobs
  Aizul (Shoals:2)
  5 tentacled starspawn
  13 shadow dragons
  15 storm dragons
  12 tengu reavers
  3 draconian monks (Depths:4)
  3 revenants (Crypt:3)
  13 rockslimes
  16 fire giants
  Donald (Elf:1)
  2 strange machines (WizLab)
  6 nagarajas
  9 azure jellies
  10 frost giants
  5 draconian knights
  2 narguns (Zot:4)
  7 deep elf sorcerers
  4 draconian scorchers
  2 iron dragons (Depths:3)
  4 ghost moths
  3 deep elf elementalists (Elf:3)
  23 vault wardens
  5 orc warlords
  2 balrugs
  2 curse skulls (Crypt:1)
  4 draconian stormcallers
  4 draconian shifters
  A reaper (Crypt:3)
  A caustic shrike zombie (Abyss:1)
  9 ghouls
  2 spriggan defenders
  7 draconian annihilators
  23 ironbound preservers
  2 formless jellyfish (Vaults:4)
  12 quicksilver oozes
  A juggernaut skeleton (Crypt:1)
  12 very ugly things
  19 stone giants
  A war gargoyle (Vaults:1)
  13 green draconians
  3 ironbound thunderhulks
  8 deep elf demonologists
  19 vampire knights
  7 dire elephants
  21 yellow draconians
  11 deep elf annihilators
  Azrael (D:11)
  7 spark wasps
  A minotaur (Gauntlet)
  13 black draconians
  8 purple draconians
  9 red draconians
  13 white draconians
  A blizzard demon (Abyss:1)
  4 eidola
  2 crystal guardians
  5 merfolk javelineers
  9 fire dragons
  14 ettins
  2 green deaths
  8 merfolk impalers
  8 deep elf death magi
  6 deep elf high priests
  11 jiangshi
  12 great orbs of eyes
  17 yaktaur captains
  5 entropy weavers
  A quicksilver dragon zombie (Crypt:3)
  2 spriggan zombies
  3 spriggan air magi
  A juggernaut simulacrum (Crypt:2)
  11 ice dragons
  A spriggan skeleton (Abyss:3)
  7 hydras
  2 peacekeepers
  An ogre mage (Vaults:5)
  9 rakshasas
  7 merfolk aquamancers
  A merfolk avatar (Shoals:4)
  4 catoblepae
  5 ironbound frosthearts
  A caustic shrike simulacrum (Crypt:2)
  41 vault guards
  6 centaur warriors
  9 boulder beetles
  A sphinx skeleton (Crypt:3)
  A death knight (Crypt:2)
  A two-headed ogre (D:12)
  12 naga warriors
  3 tengu warriors
  8 anacondas
  A satyr (Shoals:4)
  15 naga sharpshooters
  40 dancing weapons
  9 death yaks
  An orc high priest (Elf:3)
  3 deep troll shamans
  4 hell hogs (Abyss:1)
  A quicksilver ooze zombie (Crypt:3)
  9 thrashing horrors
  9 deep troll earth magi
  5 spriggan berserkers
  13 vampire magi
  Urug (D:12)
  6 sun demons
  2 soul eaters
  6 shock serpents
  13 deep elf knights
  6 spriggans
  2 fire crabs (D:10)
  3 skysharks
  9 wretched stars
  7 sixfirhies
  26 skeletal warriors
  9 iron trolls
  3 hell knights
  A spatial maelstrom (Abyss:1)
  22 large abominations
  A salamander mystic (Snake:4)
  An iron troll (shapeshifter) (Abyss:1)
  2 shadow demons
  4 shadow wraiths
  An iron giant zombie (Crypt:3)
  4 glowing orange brains
  76 deep trolls
  Lodul (D:14)
  4 bog bodies
  18 sea snakes
  6 flayed ghosts
  4 naga ritualists
  6 wizards
  6 necromancers
  A swamp dragon (shapeshifter) (D:15)
  25 ironbound convokers
  An orange crystal statue (Depths:4)
  26 phantasmal warriors
  8 lindwurms
  14 deep elf archers
  9 orc knights
  A fenstrider witch simulacrum (Crypt:2)
  A stone giant zombie (Crypt:3)
  4 oklob plants (Lair:4)
  An alligator zombie (Crypt:1)
  9 orc sorcerers
  35 deep elf zephyrmancers
  A mana viper (Snake:3)
  36 starcursed masses
  An iron dragon zombie (Abyss:1)
  25 deep elf pyromancers
  A wolf spider (Gauntlet)
  3 salamanders
  16 harpies
  35 ugly things
  2 worldbinders
  A mana viper (shapeshifter) (Depths:3)
  8 cyclopes
  12 fauns
  27 manticores
  2 shining eyes
  A shadow dragon skeleton (Abyss:1)
  25 moths of wrath
  A will-o-the-wisp (Abyss:3)
  10 elephants
  A centaur zombie (Crypt:3)
  A goliath frog skeleton (Crypt:1)
  17 black mambas
  A human skeleton (Vaults:3)
  4 merfolk sirens
  A dire elephant zombie (Crypt:3)
  A guardian serpent (shapeshifter) (Elf:1)
  3 eyes of devastation
  Joseph (D:7)
  2 rust devils
  7 smoke demons
  A stone giant skeleton (Abyss:1)
  Maurice (D:9)
  11 naga magi
  An ice statue (IceCv)
  An apocalypse crab (Abyss:3)
  2 gargoyles
  2 orange demons (Abyss:1)
  9 water nymphs
  5 cane toads
  A torpor snail (shapeshifter) (D:15)
  14 vault sentinels
  Maggie (D:9)
  57 yaktaurs
  Psyche (D:8)
  An unseen horror (D:11)
  4 hellions
  A kobold demonologist (Depths:1)
  A yellow draconian zombie (Crypt:2)
  3 rime drakes
  3 efreet
  An anaconda simulacrum (IceCv)
  A minotaur zombie (Gauntlet)
  A red draconian skeleton (Crypt:2)
  3 ancient zymes (Abyss:1)
  16 freezing wraiths
  2 red devils
  10 komodo dragons
  A hydra zombie (Abyss:1)
  A tengu conjurer (Depths:2)
  A polar bear (Lair:4)
  A silent spectre (Abyss:1)
  19 merfolk
  8 wind drakes
  2 ice devils (Lair:2)
  2 harpy zombies (Crypt:3)
  8 trolls
  9 hornets
  40 blink frogs
  2 spectral guardian serpents (Crypt:1)
  A moth of wrath zombie (Crypt:1)
  9 snapping turtles
  4 dream sheep
  31 raiju
  Prince Ribbit (D:6)
  15 flying skulls
  2 vampires
  5 shadows
  A centaur simulacrum (D:15)
  An ettin zombie (Crypt:3)
  3 stone giant simulacra (Crypt:2)
  105 slime creatures
  A jumping spider (Vaults:3)
  A spriggan (shapeshifter) (Depths:2)
  6 dire elephant simulacra
  59 yaks
  11 air elementals
  19 wraiths
  5 wyverns
  9 fire elementals
  An orc simulacrum (Crypt:2)
  7 ynoxinuls
  46 water elementals
  6 neqoxecs
  10 fire bats
  2 basilisks
  5 golden eyes
  A human (D:14)
  7 chaos spawn
  3 death yak simulacra (IceCv)
  28 small abominations
  3 vampire mosquitoes (D:14)
  3 redbacks
  41 nagas
  4 harpy simulacra
  2 spatial vortices (Abyss:1)
  An acid dragon (D:11)
  A swamp worm (shapeshifter) (Depths:3)
  5 wargs
  10 hell hounds
  A glowing shapeshifter skeleton (Vaults:3)
  A faun skeleton (Crypt:2)
  3 hydra simulacra (IceCv)
  A deep troll skeleton (Crypt:3)
  A demonspawn skeleton (Crypt:3)
  A two-headed ogre skeleton (Crypt:1)
  16 water moccasins
  42 orc warriors
  A sky beast (D:8)
  An ice beast (D:7)
  A merfolk simulacrum (Crypt:2)
  2 ettin simulacra
  16 ogres
  A black mamba simulacrum (Crypt:2)
  4 black bears
  2 centaurs
  3 boggarts (Vaults:3)
  2 snapping turtle skeletons
  5 wolves
  A phantom (D:11)
  5 elf zombies (Elf:3)
  4 kobold brigands
  18 bullfrogs
  7 two-headed ogre simulacra (IceCv)
  2 gnoll sergeants
  A scorpion (D:6)
  3 earth elementals
  3 necrophages
  9 wights
  A wyvern skeleton (Crypt:3)
  A polar bear zombie (Crypt:3)
  An elephant simulacrum (IceCv)
  2 killer bees
  A shapeshifter skeleton (Crypt:1)
  5 electric eels
  A howler monkey (D:8)
  A troll skeleton (Crypt:2)
  A crimson imp (Abyss:3)
  7 lava snakes
  A hound (shapeshifter) (Vaults:5)
  7 hounds
  2 jellies
  Crazy Yiuf (D:5)
  A bullfrog skeleton (Crypt:1)
  5 quasits (Abyss:1)
  8 iron imps
  18 orc priests
  A basilisk zombie (Crypt:2)
  A scorpion zombie (Crypt:2)
  3 hell rats (Elf:1)
  A sleepcap (D:4)
  5 iguanas
  24 orc wizards
  2 polar bear simulacra (IceCv)
  A boggart skeleton (Crypt:2)
  5 spriggan simulacra
  8 troll simulacra (IceCv)
  2 wolf simulacra (IceCv)
  8 ogre zombies (D:11)
  A deep dwarf skeleton (Crypt:2)
  8 gnolls
  9 naga simulacra
  4 adders
  3 river rats (Sewer)
  A steam dragon skeleton (Crypt:2)
  3 shadow imps
  A swamp drake skeleton (Crypt:1)
  7 white imps
  14 ufetubi
  A worm (D:3)
  3 dart slugs
  88 orcs
  14 endoplasms
  4 giant cockroaches
  3 goblins
  12 hobgoblins
  3 jackals
  3 quokkas
  7 ball pythons
  A bat (D:2)
  6 frilled lizards
  2 goblin skeletons (D:11)
  A goblin zombie (D:11)
  2 hobgoblin skeletons (D:11)
  4 hobgoblin zombies (D:11)
  3 kobolds
  3 orc skeletons (D:11)
  13 orc zombies (D:11)
  11 rats
  A butterfly (D:5)
  3 starspawn tentacles (Abyss:1)
  8 tentacles (Shoals:1)
2807 creatures vanquished.

Vanquished Creatures (collateral kills)
  A quicksilver ooze (Slime:5)
1 creature vanquished.

Vanquished Creatures (others)
  A pandemonium lord (D:9)
  A golden dragon (Zot:5)
  A death cob (Zot:5)
  2 draconian knights (Zot:4)
  A stone giant (Vaults:5)
  2 spriggan simulacra (Crypt:2)
  6 deep elf pyromancers
  2 deep elf zephyrmancers
  A manticore (Shoals:2)
  An ice devil (D:9)
  A ynoxinul (D:9)
  A dire elephant simulacrum (Crypt:2)
  A slime creature (D:12)
  A shadow (D:12)
  3 small abominations
  5 ball lightnings (D:9)
  2 lurking horrors (Abyss:3)
  97 spectral weapons
  11 starspawn tentacles
  14 tentacles (Shoals:1)
154 creatures vanquished.

Grand Total: 2962 creatures vanquished

Notes
Turn   | Place    | Note
-------+----------+-------------------------------------------
     0 | D:1      | snarfax the Minotaur Fighter began the quest for the Orb.
     0 | D:1      | Reached XP level 1. HP: 19/19 MP: 0/0
   101 | D:1      | Reached XP level 2. HP: 26/26 MP: 1/1
   126 | D:1      | Found Ekimad Qere's Weapon Shop.
   206 | D:1      | Found Onuodet's Book Shop.
   235 | D:1      | Reached XP level 3. HP: 27/31 MP: 2/2
   262 | D:1      | Found Wuxoel's Distillery.
   270 | D:1      | Bought a potion of curing for 30 gold pieces
   348 | D:1      | Found Pehotoost's Weapon Shop.
  2078 | D:3      | Reached skill level 5 in Axes
  2278 | D:3      | Found Gutil's Armour Boutique.
  2347 | D:3      | Reached XP level 4. HP: 37/39 MP: 3/3
  2721 | D:4      | Reached XP level 5. HP: 45/45 MP: 4/4
  3320 | D:4      | Reached XP level 6. HP: 50/51 MP: 5/5
  3390 | D:5      | Entered Level 5 of the Dungeon
  3521 | D:5      | Found a runed translucent door.
  3809 | D:5      | Found a glowing drain.
  3818 | Sewer    | Entered a sewer
  3826 | Sewer    | Reached XP level 7. HP: 48/57 MP: 6/6
  3930 | Sewer    | Reached skill level 10 in Axes
  4058 | Sewer    | Found a white marble altar of Elyvilon.
  4136 | D:5      | Found a staircase to the Ecumenical Temple.
  4141 | Temple   | Entered the Ecumenical Temple
  4184 | Temple   | Became a worshipper of Elyvilon the Healer
  4490 | D:5      | Noticed Crazy Yiuf
  4497 | D:5      | Killed Crazy Yiuf
  4590 | D:6      | Noticed a cyclops
  4619 | D:6      | Killed a cyclops
  4620 | D:6      | Reached XP level 8. HP: 27/64 MP: 7/7
  4832 | D:6      | Noticed Prince Ribbit
  4843 | D:6      | Killed Prince Ribbit
  5116 | D:6      | Reached * piety under Elyvilon
  5486 | D:7      | Noticed Joseph
  5812 | D:7      | Reached XP level 9. HP: 70/70 MP: 8/8
  5871 | D:7      | Killed Joseph
  6122 | D:7      | Noticed a deep elf pyromancer
  6134 | D:7      | Killed a deep elf pyromancer
  6135 | D:7      | Reached skill level 15 in Axes
  6240 | D:7      | Reached ** piety under Elyvilon
  6438 | D:8      | Found a burning altar of Makhleb.
  6473 | D:8      | Noticed Psyche
  6611 | D:8      | Killed Psyche
  6642 | D:8      | Upgraded the game from 0.31-a0-632-g766dd24fdf to
                  | 0.31-a0-702-gf82c85558f
  7117 | D:8      | Reached *** piety under Elyvilon
  7569 | D:9      | Reached XP level 10. HP: 44/77 MP: 9/9
  7800 | D:9      | Noticed Maurice
  7819 | D:9      | Killed Maurice
  7857 | D:9      | Noticed Maggie
  7874 | D:9      | Killed Maggie
  8464 | D:10     | Entered Level 10 of the Dungeon
  8493 | D:10     | Reached **** piety under Elyvilon
  8524 | D:10     | Found a transporter.
  9206 | D:11     | Found a staircase to the Orcish Mines.
  9804 | D:11     | Noticed a cyclops
  9817 | D:11     | Killed a cyclops
  9818 | D:11     | Reached XP level 11. HP: 28/82 MP: 10/10
 10361 | D:11     | Found a staircase to the Lair.
 10504 | D:11     | Reached ***** piety under Elyvilon
 10548 | D:11     | Noticed a boulder beetle
 10736 | D:11     | Killed a boulder beetle
 10737 | D:11     | Reached skill level 1 in Invocations
 11455 | D:10     | Found Xuezxuoc's Weapon Shop.
 11463 | D:10     | Bought a +4 broad axe of venom for 321 gold pieces
 11584 | D:10     | Found a transporter.
 11586 | D:10     | Noticed a fire crab
 11586 | D:10     | Noticed a fire crab
 12166 | D:12     | Noticed a two-headed ogre
 12182 | D:12     | Killed a two-headed ogre
 12183 | D:12     | Reached skill level 5 in Armour
 12183 | D:12     | Reached skill level 5 in Shields
 12230 | D:12     | Noticed a deep elf pyromancer
 12230 | D:12     | Noticed Urug
 12243 | D:12     | Reached skill level 5 in Fighting
 12486 | D:12     | Killed a deep elf pyromancer
 12575 | D:12     | Noticed Azrael
 12927 | D:11     | Killed Azrael
 13155 | D:12     | Killed Urug
 13484 | D:12     | Reached XP level 12. HP: 101/101 MP: 14/14
 13956 | D:12     | Found a transporter.
 13980 | D:12     | Noticed a boulder beetle
 13989 | D:12     | Killed a boulder beetle
 14053 | D:12     | Found a transporter.
 14274 | Lair:1   | Entered Level 1 of the Lair of Beasts
 14281 | Lair:1   | Reached skill level 5 in Invocations
 14908 | Lair:1   | Reached ****** piety under Elyvilon
 15416 | Lair:2   | Reached skill level 10 in Fighting
 15463 | Lair:2   | Found a frozen archway.
 15519 | IceCv    | Entered an ice cave
 16851 | Lair:2   | Found a staircase to the Shoals.
 17117 | Lair:2   | Reached XP level 13. HP: 91/119 MP: 15/15
 17433 | Lair:2   | Reached skill level 10 in Armour
 17463 | Lair:2   | Paralysed by a hornet for 1 turns
 17818 | Lair:2   | Upgraded the game from 0.31-a0-702-gf82c85558f to
                  | 0.31-a0-703-gcfe89afef6
 18358 | Lair:3   | Found a staircase to the Snake Pit.
 18878 | Lair:4   | Found a runed translucent door.
 18878 | Lair:4   | Found a viscous altar of Jiyva.
 18879 | Lair:4   | Found a staircase to the Slime Pits.
 19126 | Lair:4   | Reached skill level 15 in Fighting
 19331 | Lair:4   | Reached XP level 14. HP: 129/135 MP: 17/17
 19379 | Lair:4   | You fall into a shaft and drop 1 floor!
 19379 | Lair:5   | Entered Level 5 of the Lair of Beasts
 20247 | Lair:5   | Identified the +6 falchion of Wenyc {chaos, rC+ Str+4 Int-2
                  | Stlth+}
 20537 | Lair:5   | Upgraded the game from 0.31-a0-703-gcfe89afef6 to
                  | 0.31-a0-705-ga145531891
 20591 | Lair:5   | Identified the +0 chain mail of Ocow {Str+5 Int+3 Dex-5}
 20986 | Lair:5   | Reached skill level 10 in Shields
 21050 | Lair:5   | Identified the +1 ring mail "Beah Ipusob" {rElec}
 21370 | Snake:1  | Entered Level 1 of the Snake Pit
 21617 | Snake:1  | Found Jiyfuan's Distillery.
 22476 | Snake:1  | Reached XP level 15. HP: 139/147 MP: 20/20
 23214 | Snake:2  | Noticed a nagaraja
 23231 | Snake:2  | Killed a nagaraja
 23330 | Snake:2  | Found a runed translucent gate.
 23330 | Snake:2  | Found a runed translucent gate.
 23330 | Snake:2  | Found a runed translucent gate.
 23330 | Snake:2  | Noticed sizableburger's ghost (adept KoVM)
 23331 | Snake:2  | Noticed Caumakya's ghost (adept MiFi)
 24484 | Snake:3  | Found Bixtepn's Weapon Shop.
 24505 | Snake:3  | Bought a +0 broad axe of freezing for 119 gold pieces
 24745 | Snake:4  | Entered Level 4 of the Snake Pit
 25742 | Snake:4  | Noticed a nagaraja
 25746 | Snake:4  | Noticed a nagaraja
 25749 | Snake:4  | Noticed a nagaraja
 25754 | Snake:4  | Killed a nagaraja
 25785 | Snake:4  | Killed a nagaraja
 25794 | Snake:4  | Killed a nagaraja
 26081 | Snake:4  | Reached XP level 16. HP: 138/160 MP: 22/22
 26940 | Snake:4  | Got a serpentine rune of Zot
 27164 | Shoals:1 | Entered Level 1 of the Shoals
 27489 | Shoals:1 | Reached skill level 10 in Invocations
 27749 | Shoals:1 | Noticed Mlioglotl
 27763 | Shoals:1 | Noticed a tentacled starspawn
 27867 | Shoals:1 | Noticed a tentacled monstrosity
 27868 | Shoals:1 | Killed Mlioglotl
 28063 | Shoals:1 | Noticed a kraken
 28071 | Shoals:1 | Killed a kraken
 28093 | Shoals:1 | Found Ecvo Xuniu's Magic Scroll Emporium.
 28233 | Shoals:1 | Noticed a kraken
 28240 | Shoals:1 | Killed a kraken
 28243 | Shoals:1 | Bought a scroll of enchant weapon for 135 gold pieces
 28484 | Shoals:1 | Noticed a kraken
 28516 | Shoals:1 | Killed a kraken
 28517 | Shoals:1 | Reached skill level 15 in Armour
 29084 | Shoals:2 | Noticed Aizul
 29103 | Shoals:2 | Killed Aizul
 30430 | Shoals:3 | Noticed a titan
 30454 | Shoals:3 | HP: 2/165 [titan/bolt of lightning (30)]
 30457 | Shoals:3 | Elyvilon protects you from harm!
 30858 | Shoals:3 | Killed a titan
 31385 | Shoals:4 | Entered Level 4 of the Shoals
 31433 | Shoals:4 | Paralysed by an air elemental for 1 turns
 31519 | Shoals:4 | Paralysed by an air elemental for 1 turns
 31614 | Shoals:4 | Reached XP level 17. HP: 166/172 MP: 23/23
 31641 | Shoals:4 | Paralysed by an air elemental for 1 turns
 31935 | Shoals:4 | Noticed a titan
 31936 | Shoals:4 | Paralysed by an air elemental for 1 turns
 31941 | Shoals:4 | Paralysed by an air elemental for 1 turns
 31955 | Shoals:4 | Paralysed by an air elemental for 1 turns
 31964 | Shoals:4 | Paralysed by an air elemental for 1 turns
 31968 | Shoals:4 | Paralysed by an air elemental for 1 turns
 31973 | Shoals:4 | Paralysed by an air elemental for 1 turns
 31974 | Shoals:4 | HP: 4/173 [air elemental/stunning burst (18)]
 32747 | Shoals:4 | Paralysed by an air elemental for 1 turns
 32752 | Shoals:4 | Paralysed by an air elemental for 1 turns
 32843 | Shoals:4 | Paralysed by an air elemental for 1 turns
 32846 | Shoals:4 | Paralysed by an air elemental for 1 turns
 32851 | Shoals:4 | Paralysed by an air elemental for 1 turns
 32856 | Shoals:3 | Paralysed by an air elemental for 1 turns
 33035 | Shoals:4 | Upgraded the game from 0.31-a0-705-ga145531891 to
                  | 0.31-a0-716-gc7603755dd
 33332 | Shoals:4 | Killed a titan
 33496 | Shoals:4 | Got a barnacled rune of Zot
 33504 | Shoals:4 | Identified the +6 morningstar "Sohiom" {venom, rCorr}
 34716 | D:13     | Identified the +3 rapier of Zin's Approval {speed, Will+
                  | MP-9 Dex+2 SInv}
 35023 | D:14     | Found a portal to a secret trove of treasure.
 35107 | D:14     | Noticed Lodul
 35128 | D:14     | Killed Lodul
 35922 | D:14     | Found a gate to the Vaults.
 36047 | D:15     | Entered Level 15 of the Dungeon
 36067 | D:15     | Paralysed by an orc sorcerer for 4 turns
 36076 | D:15     | Found a flickering gateway to a bazaar.
 36086 | D:15     | Paralysed by an orc sorcerer for 2 turns
 36096 | Bazaar   | Entered a bazaar
 36100 | Bazaar   | Found Anaam's Jewellery Boutique.
 36145 | Bazaar   | Found Nast's Antique Armour Emporium.
 36166 | Bazaar   | Found Tuaciax's Antique Weapon Boutique.
 36186 | Bazaar   | Found Mesow's Book Shoppe.
 36339 | D:15     | Found a gate leading to a gauntlet.
 36359 | Gauntlet | Entered a Gauntlet
 36359 | Gauntlet | Found a transporter.
 36367 | Gauntlet | Found a runed translucent door.
 36369 | Gauntlet | Found a transporter.
 36371 | Gauntlet | Found a transporter.
 36375 | Gauntlet | Found a transporter.
 36376 | Gauntlet | Found a transporter.
 36377 | Gauntlet | Found a transporter.
 36384 | Gauntlet | Found a transporter.
 36407 | Gauntlet | Found a transporter.
 36412 | Gauntlet | Found a transporter.
 36416 | Gauntlet | Found a transporter.
 36428 | Gauntlet | Found a transporter.
 36468 | Gauntlet | Found a runed translucent door.
 36498 | Gauntlet | Found a transporter.
 36550 | Gauntlet | Identified the +2 pair of gloves "Ketif" {Will+++ Str+5
                  | Dex-3}
 36593 | Gauntlet | Identified the +1 cloak "Hioxom" {Dex+5}
 36684 | Gauntlet | Identified the staff "Eviscerator" {rPois rN+ Will+++ Str-2
                  | Int-4 Necro}
 36885 | D:15     | Found a staircase to the Depths.
 37035 | D:15     | Reached skill level 15 in Shields
 37506 | Orc:1    | Entered Level 1 of the Orcish Mines
 37966 | Orc:2    | Entered Level 2 of the Orcish Mines
 37982 | Orc:2    | Found Aschuowi's Antique Armour Boutique.
 38098 | Orc:2    | Found Bimpuis's Book Shop.
 38099 | Orc:2    | Found a staircase to the Elven Halls.
 38150 | Orc:2    | Reached XP level 18. HP: 155/185 MP: 25/25
 38159 | Orc:2    | Found Likkaa's General Store.
 38370 | Orc:2    | Found Zuteu's Antique Weapon Shoppe.
 38601 | Elf:1    | Entered Level 1 of the Elven Halls
 38745 | Elf:1    | Noticed Donald
 38759 | Elf:1    | Killed Donald
 39975 | Elf:1    | Found a radiant altar of Vehumet.
 40371 | Elf:2    | Found Kifinn's Armour Emporium.
 41925 | Elf:2    | Found a runed translucent door.
 41954 | Elf:2    | Found a runed translucent door.
 42272 | Elf:2    | Reached XP level 19. HP: 192/198 MP: 27/27
 43044 | D:3      | Bought a +2 hat for 192 gold pieces
 43246 | Vaults:1 | Entered Level 1 of the Vaults
 45649 | Vaults:2 | Found a staircase to the Crypt.
 46165 | Vaults:2 | Reached XP level 20. HP: 201/211 MP: 29/29
 47172 | Vaults:3 | Identified the +7 dagger "Anyhuop" {elec, rElec Dex+3}
 48036 | Vaults:3 | Found a runed translucent door.
 49433 | Vaults:4 | Reached skill level 15 in Invocations
 49785 | Vaults:4 | Reached XP level 21. HP: 222/222 MP: 31/31
 50321 | Crypt:1  | Entered Level 1 of the Crypt
 50469 | Crypt:1  | Reached skill level 27 in Fighting
 50819 | Crypt:1  | Reached skill level 1 in Dodging
 51525 | Crypt:2  | Noticed Mennas
 51536 | Crypt:2  | Killed Mennas
 51709 | Crypt:2  | Identified the ring of Jitorul {Ice rN+ Dex+4}
 51709 | Crypt:2  | Noticed Josephina
 51949 | Crypt:2  | Killed Josephina
 52098 | Crypt:2  | Noticed Frederick
 52120 | Crypt:2  | Killed Frederick
 52605 | Crypt:2  | Reached skill level 5 in Dodging
 53026 | Crypt:3  | Entered Level 3 of the Crypt
 54117 | Crypt:3  | Found an ancient bone altar of Kikubaaqudgha.
 54271 | Crypt:3  | Reached XP level 22. HP: 200/233 MP: 33/33
 54508 | Crypt:3  | Identified the +0 whip "Lafadgh" {venom, +Blink}
 55075 | Crypt:3  | Found a staircase to the Tomb.
 55644 | Depths:1 | Entered Level 1 of the Depths
 55942 | Depths:1 | Noticed Mara
 56165 | D:15     | Reached skill level 10 in Dodging
 56305 | Depths:1 | Noticed snarfax's illusion
 56363 | Depths:1 | Noticed snarfax's illusion
 56515 | Depths:1 | Noticed snarfax's illusion
 56562 | Depths:1 | Killed Mara
 56843 | Depths:1 | Found a gateway to Hell.
 57027 | Depths:1 | Found Loohuf's Book Emporium.
 57027 | Depths:1 | Found Roichele's Jewellery Shop.
 57028 | Depths:1 | Found Ristrejat's Jewellery Shop.
 57158 | Depths:1 | Bought the ring of the Country {rF+ rC++ rN+ Will+ Str-5}
                  | for 853 gold pieces
 57340 | Depths:1 | Found an ornate altar of the Wu Jian Council.
 57418 | Depths:1 | Found a one-way gate to the infinite horrors of the Abyss.
 57582 | Depths:2 | Noticed Bai Suzhen
 57590 | Depths:2 | Killed Bai Suzhen
 58594 | Depths:2 | Found a sparkling altar of Nemelex Xobeh.
 58977 | Depths:2 | Got Yqisiz's Writings on Macabre Accomplices
 59080 | Depths:2 | Found a one-way gate leading to the halls of Pandemonium.
 59144 | Depths:3 | Found a shimmering blue altar of Sif Muna.
 59156 | Depths:3 | Noticed Boris
 59202 | Depths:3 | Found a one-way gateway to a ziggurat.
 59214 | Depths:3 | Found a magical portal.
 59223 | WizLab   | Entered Tukima's Studio
 59265 | WizLab   | Noticed snarfax's illusion
 59710 | WizLab   | Identified the scarf of the Loofah {shadows, Harm Int+3}
 59931 | WizLab   | Noticed snarfax's illusion
 60262 | Depths:3 | Reached XP level 23. HP: 174/240 MP: 35/35
 61225 | Depths:3 | Identified the ring "Caazomif" {Fly Int+3 Stlth+}
 61985 | Depths:3 | Killed Boris
 62261 | Depths:4 | Entered Level 4 of the Depths
 62313 | Depths:4 | Found Zearuc's Antique Weapon Boutique.
 62324 | Depths:4 | Bought a crude broad axe for 396 gold pieces
 62324 | Depths:4 | Identified the +1 broad axe "Ebreu" {holy, *Slow rCorr
                  | Dex+6} (You bought it in a shop on level 4 of the Depths)
 62593 | Depths:4 | Noticed a juggernaut
 62617 | Depths:4 | Killed a juggernaut
 63041 | Depths:4 | Noticed a caustic shrike
 63041 | Depths:4 | Noticed a caustic shrike
 63041 | Depths:4 | Noticed a caustic shrike
 63049 | Depths:4 | Noticed a juggernaut
 63349 | Depths:4 | Noticed Saint Roka
 63354 | Depths:4 | Found a transporter.
 63368 | Depths:4 | Killed Saint Roka
 63641 | D:10     | Identified the +0 sling "Huli" {drain, Will+ Str+3 Dex+2}
 63642 | D:10     | Identified the +0 pair of boots of Subjectivity {Str+7}
 63789 | D:14     | You paid a toll of 4 potions of resistance to enter a
                  | treasure trove
 63790 | Trove    | Entered a treasure trove
 63793 | Trove    | Found the +4 skin of Zhor {*Englaciate rC+++ SInv}
 63796 | Trove    | Identified the +12 plate armour of the Arena {SInv}
 63802 | Trove    | Identified the +0 chain mail of Impatience {rF- Str+3
                  | Dex+4}
 63825 | Trove    | Identified the +4 longbow of the Mouth {flame, Will+++
                  | Str-5 Int+7 SInv}
 64133 | D:1      | Bought a potion of heal wounds for 50 gold pieces
 64133 | D:1      | Bought a potion of resistance for 100 gold pieces
 64133 | D:1      | Bought a potion of might for 40 gold pieces
 64133 | D:1      | Bought a potion of resistance for 100 gold pieces
 64624 | Vaults:5 | Entered Level 5 of the Vaults
 64630 | Vaults:5 | Noticed a dread lich
 64638 | Vaults:5 | Killed a dread lich
 64958 | Vaults:5 | Reached XP level 24. HP: 136/336 MP: 48/48
 65347 | Vaults:5 | Reached skill level 15 in Dodging
 65591 | Vaults:5 | Reached skill level 1 in Throwing
 65609 | Vaults:5 | Identified a scroll of acquirement
 65629 | Vaults:5 | Identified the +2 quarterstaff of Feheut {flame, rF+ Will-
                  | MP+9 Int+3}
 65651 | Vaults:5 | Acquired the +4 consecrated labrys {holy, Valiant Fragile
                  | Fly SInv}
 65651 | Vaults:5 | Found the +4 consecrated labrys {holy, Valiant Fragile Fly
                  | SInv}
 66744 | Vaults:5 | Got Sif Muna's Meditations on Windy Nausea
 66782 | Vaults:5 | Got the Dissertation on the Scorching Flock
 66869 | Vaults:5 | Found Unerul's Magic Scroll Shoppe.
 66875 | Vaults:5 | Got the Papyrus of the Boulder and Degeneration
 66878 | Vaults:5 | Bought a scroll of blinking for 112 gold pieces
 66878 | Vaults:5 | Bought a scroll of enchant armour for 112 gold pieces
 67226 | Vaults:5 | Identified the +3 whip of Duet {speed, rElec Will+ Stlth+}
 67259 | Vaults:5 | Identified the +3 hand axe of Infection {protect, rC+
                  | Dex+3}
 67272 | Vaults:5 | Got a silver rune of Zot
 67782 | Depths:4 | Noticed Xtahua
 67795 | Depths:4 | Killed Xtahua
 67891 | Depths:4 | Identified the +2 leather armour of Parts Unknown {Harm rC-
                  | rCorr Stlth+}
 67914 | Depths:4 | Noticed rddays123's ghost (veteran MiFi)
 67915 | Depths:4 | Identified the +2 great mace of Delightful Prudence {flame,
                  | Int+4}
 67916 | Depths:4 | Identified the +10 great mace "Hulk" {heavy, rN+ Will++}
 67920 | Depths:4 | Found a transporter.
 68389 | Depths:4 | Found a gate to the Realm of Zot.
 68568 | Zot:1    | Entered Level 1 of the Realm of Zot
 69872 | Depths:4 | Reached skill level 5 in Throwing
 70473 | Zot:1    | Identified the +0 robe of Cusee {Rampage +Inv Str+3}
 70838 | Zot:2    | Reached XP level 25. HP: 192/257 MP: 36/36
 71504 | Zot:2    | Identified the +1 cloak of Kienuvol {rF++ rC+ MP-9 Str+9}
 71506 | Zot:2    | Noticed Deah Kuhairgh's ghost (legendary GnIE)
 71513 | Zot:2    | Found a bloodstained altar of Trog.
 71514 | Zot:2    | Identified the ring "Liogili" {+Blink rF++ Str+6 SInv}
 71522 | Zot:2    | Found a transporter.
 71591 | Zot:2    | Identified the +1 cloak "Rifodex" {rC+ rN+}
 71599 | Zot:2    | Found a transporter.
 72924 | Zot:3    | Noticed a Killer Klown
 73112 | Zot:3    | a Killer Klown changed into a rockslime
 75765 | Zot:4    | Noticed a Killer Klown
 75798 | Zot:4    | Killed a Killer Klown
 76193 | Zot:4    | Identified the +8 whip "Jodagiam" {protect, rElec Dex+4}
 76473 | Zot:4    | Identified the +6 double sword of Accord {venom, rElec
                  | rPois Str+2}
 77453 | Zot:5    | Entered Level 5 of the Realm of Zot
 77563 | Zot:5    | Found a runed translucent gate.
 77563 | Zot:5    | Found a runed translucent gate.
 77563 | Zot:5    | Found a runed translucent gate.
 77582 | Zot:5    | Noticed Sundig's ghost (legendary MiFi)
 78659 | Zot:5    | Reached XP level 26. HP: 266/266 MP: 36/36
 78747 | Zot:5    | Noticed a dread lich
 78749 | Zot:5    | Noticed an orb of fire
 78762 | Zot:5    | Gained mutation: You are weak. (Str -2) [an orb of fire]
 78765 | Zot:5    | Gained mutation: You occasionally lose the ability to read
                  | scrolls when taking damage. [an orb of fire]
 78778 | Zot:4    | Killed an orb of fire
 78786 | Zot:4    | Killed a dread lich
 79475 | Zot:5    | Noticed an orb of fire
 79485 | Zot:4    | Gained mutation: You have hidden genetic defects. [an orb
                  | of fire]
 79494 | Zot:4    | Gained mutation: You occasionally lose the ability to drink
                  | potions when taking damage. [an orb of fire]
 79498 | Zot:4    | Killed an orb of fire
 80018 | Zot:5    | Noticed a dread lich
 80019 | Zot:5    | Paralysed by a dread lich for 4 turns
 80422 | Elf:3    | Entered Level 3 of the Elven Halls
 80445 | Elf:3    | Noticed Nikola
 80799 | Elf:3    | Killed Nikola
 81044 | Elf:3    | Paralysed by an air elemental for 1 turns
 81949 | Elf:3    | Gained mutation: You are frail. (-10% HP) [hidden defects]
 82021 | Elf:3    | Identified the +6 glaive "Peghaeti" {elec, *Noise rC++}
 82021 | Elf:3    | Identified the +0 robe of Lexanimub {Will++}
 82022 | Elf:3    | Identified the ring of Suowet {Ice Dex+2}
 82202 | Elf:3    | Found the +15 Maxwell's patent armour {-Cast -Tele rElec
                  | Will+ rCorr}
 83060 | Zot:4    | Lost mutation: You are frail. (-10% HP) [potion of
                  | mutation]
 83060 | Zot:4    | Lost mutation: You occasionally lose the ability to drink
                  | potions when taking damage. [potion of mutation]
 83060 | Zot:4    | Lost mutation: You have hidden genetic defects. [potion of
                  | mutation]
 83060 | Zot:4    | Gained mutation: Your spells are a little harder to cast,
                  | but a little more powerful. [potion of mutation]
 83061 | Zot:4    | Lost mutation: You are weak. (Str -2) [potion of mutation]
 83061 | Zot:4    | Lost mutation: Your spells are a little harder to cast, but
                  | a little more powerful. [potion of mutation]
 83061 | Zot:4    | Lost mutation: You occasionally lose the ability to read
                  | scrolls when taking damage. [potion of mutation]
 83061 | Zot:4    | Gained mutation: You are partially covered in large bone
                  | plates. (SH +4) [potion of mutation]
 83136 | Zot:5    | Killed a dread lich
 83920 | Zot:5    | Noticed an orb of fire
 83942 | Zot:5    | Killed an orb of fire
 84826 | Depths:4 | Voluntarily entered the Abyss.
 85642 | Abyss:1  | Reached XP level 27. HP: 265/273 MP: 37/37
 85734 | Abyss:1  | Reached skill level 1 in Maces & Flails
 85839 | Abyss:1  | Paralysed by accursed screaming for 1 turns
 85874 | Abyss:1  | Paralysed by accursed screaming for 2 turns
 85888 | Abyss:1  | Paralysed by accursed screaming for 1 turns
 86302 | Abyss:3  | Found a corrupted altar of Lugonu.
 86386 | Abyss:3  | Found a corrupted altar of Lugonu.
 87058 | Abyss:3  | Gained mutation: You occasionally lose the ability to read
                  | scrolls when taking damage. [a neqoxec]
 87059 | Abyss:3  | Gained mutation: You are occasionally teleported next to
                  | monsters. [a neqoxec]
 87062 | Abyss:3  | Gained mutation: You are clumsy. (Dex -2) [a neqoxec]
 87082 | Depths:4 | Escaped the Abyss
 87124 | Depths:4 | Lost mutation: You are occasionally teleported next to
                  | monsters. [potion of mutation]
 87124 | Depths:4 | Lost mutation: You are clumsy. (Dex -2) [potion of
                  | mutation]
 87124 | Depths:4 | Gained mutation: You occasionally lose the ability to drink
                  | potions when taking damage. [potion of mutation]
 87125 | Depths:4 | Lost mutation: You occasionally lose the ability to read
                  | scrolls when taking damage. [potion of mutation]
 87125 | Depths:4 | Lost mutation: You occasionally lose the ability to drink
                  | potions when taking damage. [potion of mutation]
 87125 | Depths:4 | Lost mutation: You are partially covered in large bone
                  | plates. (SH +4) [potion of mutation]
 87125 | Depths:4 | Gained mutation: You are somewhat resistant to further
                  | mutation. [potion of mutation]
 87125 | Depths:4 | Gained mutation: Armour fits poorly on your strangely
                  | shaped body. [potion of mutation]
 87158 | Depths:4 | Reached skill level 27 in Axes
 87185 | Depths:4 | Killed rddays123's ghost
 87210 | Depths:4 | Got the Guide on the Chill
 87539 | Snake:2  | Killed Caumakya's ghost
 87549 | Snake:2  | Killed sizableburger's ghost
 87746 | Slime:1  | Entered Level 1 of the Pits of Slime
 88324 | Slime:5  | Entered Level 5 of the Pits of Slime
 88902 | Slime:5  | Noticed the Royal Jelly
 89149 | Slime:5  | Found a viscous altar of Jiyva.
 89392 | Slime:5  | Killed the Royal Jelly
 89518 | Slime:5  | Got the Almanac of the Rotting Valley
 89520 | Slime:5  | Identified the +11 hand axe of the Piercing Gods {drain,
                  | rF+ Will+ Dex+4 SInv}
 89522 | Slime:5  | Got a slimy rune of Zot
 89523 | Slime:5  | Identified the staff "Soymuc" {*Slow Str+7 Earth}
 89537 | Slime:5  | Identified the +6 long sword of Wounding {heavy, Dex+3}
 89543 | Slime:5  | Identified the +3 hand axe of Abomination {flame, *Noise
                  | Int-4 Dex+6}
 89568 | Slime:5  | Identified the +4 mace "Boocogu" {flame, Dex+4 Stlth+}
 89575 | Slime:5  | Identified the +6 trident of Darkness {drain, rN+}
 91325 | Zot:5    | Got the Orb of Zot
 91358 | Zot:5    | Noticed Aned the pandemonium lord
 91408 | Zot:5    | Killed Aned the pandemonium lord
 91417 | Zot:5    | Noticed Qyulieni the pandemonium lord
 91429 | Zot:5    | Killed Qyulieni the pandemonium lord
 91713 | D:9      | Noticed Osok the pandemonium lord
 91720 | D:9      | Killed Osok the pandemonium lord
 91940 | D:$      | Escaped with the Orb!

Illustrated notes

Levels and vault maps discovered:
D:1:      dpeg_arrival_prison, layout_rooms, serial_shops,
          nicolae_shop_window_shopping, shop,
          nicolae_shop_temple_entry_statues_fountains, shop, fountainhead
D:2:      layout_basic, serial_park_tiny_1
D:3:      layout_basic, serial_shops, nicolae_shop_real_fake_doors,
          minmay_misc_feat_doors
D:4:      black_bear_nest_1, layout_loops_ring
D:5:      layout_loops_ring, minmay_temple_entry_butterflies,
          portal_sewer_entry_d, serial_bayou_crossing, uniq_crazy_yiuf_cottage
D:6:      layout_cave_pools, minmay_misc_feat_roman, grunt_potential,
          uniq_prince_ribbit1
D:7:      layout_basic, uniq_joseph
D:8:      layout_basic, kennysheep_mini, uniq_psyche
D:9:      layout_big_octagon, nicolae_water_bricks, kennysheep_generic_room_13,
          uniq_maggie, uniq_maurice
D:10:     gammafunk_cloud_chamber, layout_basic, serial_shops, shop,
          kennysheep_generic_room_2
D:11:     layout_stronghold, erik_lair_island, zombieorc2_lemuel, minivault_19,
          st_stairs_6
D:12:     minmay_general_purpose_star, layout_irregular_city,
          nicolae_diode_stairs, uniq_azrael, uniq_urug
D:13:     layout_basic
D:14:     layout_loops_corners, hellmonk_vaults_keyhole,
          nicolae_trove_entry_crystal, minmay_misc_feat_five, uniq_lodul
D:15:     hangedman_depths_entry_civil_slaughter, layout_irregular_city,
          gauntlet_entry_generic, patterned_corridor, serial_shops,
          bzr_entry_road
Temple:   kilobyte_greek_temple
Lair:1:   layout_cave_pods, serial_bayou_shore_a
Lair:2:   cheibrodos_lair_overgrown_chateau, layout_chaotic_city,
          minmay_shoals_entry_hut, portal_ice_cave_demonic_guard, minivault_27,
          chequers_serial_rivers_micro_d, serial_bayou_shore_b
Lair:3:   layout_cave_pods, nicolae_snake_entry_warm_welcome,
          chequers_serial_rivers_micro_c, grunt_megastairs_1
Lair:4:   minmay_lair_oklob_tunnel, layout_loops_ring, slime_entry_2,
          nicolae_lair_liquid_snakes, grunt_megastairs_2
Lair:5:   evilmike_catoblepas_cave, layout_gridlike, grunt_megastairs_4,
          lemuel_fruit_tree
Shoals:1: nicolae_shoals_lighthouse, layout_shoals, serial_shops, shop,
          nicolae_shoals_land_atoll, uniq_mlioglotl
Shoals:2: nicolae_shoals_island_circles, layout_shoals, uniq_aizul
Shoals:3: cheibrodos_shoals_gigantism, layout_shoals, ldierk_geyser
Shoals:4: shoals_end_hellmonk_storm_palace [storm_palace_center_circular,
          storm_palace_corner_pillars, storm_palace_corner_pillars,
          storm_palace_corner_narrow, storm_palace_corner_grid]
Snake:1:  layout_chambers, nicolae_integral_box, minmay_shop_star
Snake:2:  layout_chambers, gammafunk_ghost_cemetery, drop_trap,
          grunt_ministairs_11
Snake:3:  layout_rooms, nicolae_stop_n_shop_2
Snake:4:  minmay_snake_end_coiled, layout_misc_corridors, serial_bayou_lake_a
Slime:1:  cheibrodos_slime_lost_civilization_1, layout_caves,
          cheibrodos_slime_lost_civilization_5
Slime:2:  layout_caves, nicolae_slime_crime_time
Slime:3:  layout_caves
Slime:4:  layout_caves
Slime:5:  slime_pit_nicolae_royal_road_to_ruin
Orc:1:    layout_caves
Orc:2:    grunt_orc_gardens, layout_diamond_mine, grunt_orc_garden,
          grunt_orc_garden, grunt_orc_garden, grunt_orc_garden, basic_altar
Elf:1:    eino_elf_arrival_altar, layout_loops_corners, special_room
          [special_room_mythical_zoo], minivault_28, grunt_ministairs_5,
          dreamdust_princess_corridor, uniq_donald
Elf:2:    nicolae_elf_blades_splatter_lattice
          [nicolae_blade_entry_splitting_headache], layout_geoelf_octagon,
          serial_shops, nicolae_shop_tiny_statue_garden
Elf:3:    minmay_elf_hall_curves, layout_onion_city, minmay_elf_necromancy,
          uniq_nikola
Vaults:1: nicolae_vaults_offset_grid_hallway_4, grunt_vaults_twisty,
          nicolae_vaults_double_plus_2, grunt_vaults_bifocal,
          nicolae_vaults_double_plus_3, hangedman_vaults_slither, v_misc_27,
          nicolae_vaults_house_3, nicolae_vaults_trapezoid_lopsided_3,
          v_pattern_2, v_misc_1, layout_vaults_omnigrid
Vaults:2: ontoclasm_vaults_ring_square, nicolae_vaults_twisting_passages,
          nicolae_vaults_quartermaster, hangedman_vaults_pinch,
          hangedman_vaults_stagger, minmay_crypt_entry_simple_box,
          hangedman_vaults_maws, v_misc_16, hangedman_vaults_corner_blocks,
          vaults_standard_mumra_enter_the_diamond, v_misc_29,
          layout_vaults_maze_bifur
Vaults:3: nicolae_vaults_oozy_zoo, ontoclasm_vaults_eye,
          nicolae_vaults_stairing_the_circle, nicolae_vaults_tetromino_Z_1,
          nicolae_vaults_ellipses_ellipsis, vaults_room_octagon,
          nicolae_vaults_little_ls, nicolae_vaults_sesquioval_fish,
          layout_vaults_ring
Vaults:4: v_rooms_2, vaults_mumra_hexcomb, hangedman_vaults_impose, v_pattern_4,
          ontoclasm_vaults_misaligned, hangedman_vaults_impose,
          grunt_vaults_swirl, nicolae_vaults_trapezoid_3, v_rooms_6,
          nicolae_vaults_disjoint_gnomons, v_misc_8,
          nicolae_vaults_ring_of_whatevers, serial_ice_h,
          nicolae_vaults_oval_intersection, ontoclasm_vaults_ring_square,
          vaults_room_guarded_vault, nicolae_vaults_little_squares_1,
          layout_vaults_omnibox
Vaults:5
Crypt:1:  layout_gridlike, serial_sigils_hangedman_snap,
          nrook_guardian_serpent_ordinary, grunt_crypt_arrival_split,
          lemuel_upstairs_altar
Crypt:2:  layout_chaotic_city, st_chilly_death, uniq_frederick, uniq_mennas,
          uniq_josephina
Crypt:3:  church_of_pain_bobbens, layout_chaotic_city,
          nicolae_tomb_entry_rubble_hallway, st_stairs_10
Depths:1: layout_cave_pools, marbit_kobold_abyss_entry, hangedman_geh_valley,
          hangedman_decor_peaks_small, pdpol_wu_jian_five_deadly_venoms,
          minmay_shop_grove, serial_bayou_shore_b, uniq_mara
Depths:2: nicolae_cairo_tiling_large, layout_cave_shapes,
          rand_demon_pan_entry_9, hell_entry, nemelex_spade_bored_becter,
          small_statue_intersection, uniq_bai_suzhen
Depths:3: kennysheep_large_vault, layout_basic, enter_ziggurat_b, abyss_entry,
          nicolae_sif_muna_condensation, mu_enter_wizlab_3,
          pf_hell_entry_tar_spiral, uniq_margery, uniq_boris
Depths:4: grunt_zot_entry_pinwheel, layout_gridville, serial_glass,
          glass_columns_b, glass_columns_c, gammafunk_ghost_smash,
          hangedman_abyss_entry_splay, serial_shops, shop,
          grunt_decor_one_mirror, hangedman_coc_ice_floe, minivault_16,
          uniq_saint_roka, uniq_xtahua
Zot:1:    layout_misc_corridors
Zot:2:    layout_gridville, gammafunk_ghost_wrathful_warriors, drop_trap,
          lemuel_baited_zot_trap
Zot:3:    layout_misc_corridors, drop_trap, guppyfry_library_mini
Zot:4:    layout_twisted_circle, nicolae_rock_paper_scissors
Zot:5:    layout_cellular_growth, gammafunk_ghost_necromancy, grunt_ministairs_2

Skill      XL: |  1  2  3  4  5  6  7  8  9 10 11 12 13 14 15 16 17 18 19 20 21 22 23 24 25 26 27 |
---------------+----------------------------------------------------------------------------------+-----
Axes           | 3 4 5 6 7 9 12 14 16 19 20 21 22 23 24 25 27 | 27.0
Fighting       | 8 12 15 17 19 20 22 23 25 26 27 | 27.0
Armour         | 6 9 11 13 14 15 16 17 19 20 21 22 23 | 23.4
Shields        | 5 8 10 12 13 15 16 17 18 20 21 22 23 25 | 25.0
Invocations    | 4 5 6 8 9 10 11 13 14 15 16 18 20 21 22 | 22.4
Dodging        | 8 12 14 16 19 21 23 | 23.5
Throwing       | 5 |  5.0
Maces & Flails | 3 |  3.7

Action                     |  1- 3 |  4- 6 |  7- 9 | 10-12 | 13-15 | 16-18 | 19-21 | 22-24 | 25-27 || total
---------------------------+-------+-------+-------+-------+-------+-------+-------+-------+-------++-------
  Melee: War axe           |    99 |    84 |   218 |   312 |       |       |       |       |       ||   713
         Headbutt          |    12 |    11 |    20 |   151 |   227 |   296 |   521 |   579 |   833 ||  2650
         Broad axe         |       |       |       |   350 |   927 |  1341 |  1606 |  1578 |  2197 ||  7999
         Scimitar          |       |       |       |       |    12 |    22 |       |       |       ||    34
         Labrys            |       |       |       |       |       |       |       |       |    90 ||    90
  Throw: Dart              |       |       |       |     7 |       |     7 |       |     2 |       ||    16
         Javelin           |       |       |       |       |       |    18 |     4 |       |       ||    22
 Invoke: Heal Self         |       |       |       |     4 |     8 |    22 |     8 |    11 |    26 ||    79
         Purification      |       |       |       |       |     3 |       |       |     1 |     7 ||    11
         Divine Vigour     |       |       |       |       |       |       |     1 |     3 |     4 ||     8
  Evoke: Wand              |       |       |       |    14 |       |     2 |     5 |     5 |     3 ||    29
         Phantom mirror    |       |       |       |       |       |       |     1 |       |     2 ||     3
    Use: Scroll            |     3 |     7 |     3 |    12 |     5 |    12 |     3 |    13 |    10 ||    68
         Potion            |       |       |     7 |     2 |       |     9 |     3 |     9 |     7 ||    37
   Stab: Petrified         |       |       |       |       |     2 |       |       |       |       ||     2
         Sleeping          |       |       |       |       |     1 |       |       |       |       ||     1
         Distracted        |       |       |       |       |       |       |     1 |    37 |    44 ||    82
         Paralysed         |       |       |       |       |       |       |       |     1 |       ||     1
 Armour: Scale mail        |    31 |    34 |    77 |       |       |       |       |       |       ||   142
         Skin              |       |       |     1 |       |       |     2 |       |     3 |     5 ||    11
         Chain mail        |       |       |       |   457 |   344 |   568 |    71 |       |       ||  1440
         Swamp dragon scal |       |       |       |       |   278 |   257 |       |       |       ||   535
         Ring mail         |       |       |       |       |       |     4 |       |       |       ||     4
         Plate armour      |       |       |       |       |       |       |   726 |   687 |   257 ||  1670
         Gold dragon scale |       |       |       |       |       |       |       |    77 |   675 ||   752
  Dodge: Dodged            |    38 |    25 |    54 |   155 |   181 |   286 |   364 |   391 |   424 ||  1918
  Block: Buckler           |    19 |    19 |    29 |    88 |       |       |       |       |       ||   155
         Tower shield      |       |       |       |    27 |   640 |  1362 |  1666 |  1484 |  2118 ||  7297
         Reflection        |       |       |       |       |    17 |   163 |    78 |    89 |    87 ||   434

Table legend: (Time is in decaauts)
 A = Elapsed time spent in this place.
 B = Non-inter-level travel time spent in this place.
 C = Inter-level travel time spent in this place.
 D = Time resting spent in this place.
 E = Time spent auto-exploring this place.
 F = Levels seen in this place.
 G = Mean time per level.
                   A        B        C        D        E       F      G
               +--------+--------+--------+--------+--------+-----+--------+
         Total |  90771 |  84242 |   6529 |  18537 |  45268 |  65 | 1396.5 |
       Dungeon |  19643 |  17186 |   2457 |   2279 |  11669 |  15 | 1309.5 |
        Temple |     85 |      5 |     80 |      0 |      0 |   1 |   85.0 |
          Lair |   6252 |   5669 |    583 |    462 |   3952 |   5 | 1250.4 |
        Shoals |   6888 |   6675 |    213 |   1603 |   3143 |   4 | 1722.0 |
     Snake Pit |   5900 |   5506 |    394 |    879 |   3504 |   4 | 1475.0 |
    Slime Pits |   3109 |   2996 |    113 |    694 |   1115 |   5 |  621.8 |
  Orcish Mines |   1215 |   1032 |    183 |      0 |    804 |   2 |  607.5 |
   Elven Halls |   6452 |   6275 |    177 |   1398 |   3627 |   3 | 2150.7 |
        Vaults |  10280 |   9472 |    808 |   1310 |   5994 |   5 | 2056.0 |
         Crypt |   4916 |   4760 |    156 |    971 |   2373 |   3 | 1638.7 |
        Depths |   9042 |   8256 |    786 |   2323 |   4409 |   4 | 2260.5 |
           Zot |  12181 |  11607 |    574 |   5355 |   3576 |   5 | 2436.2 |
         Abyss |   2061 |   2061 |      0 |    239 |    711 |   3 |  687.0 |
        Bazaar |    150 |    150 |      0 |      0 |     84 |   1 |  150.0 |
         Trove |     54 |     54 |      0 |      0 |      0 |   1 |   54.0 |
         Sewer |    311 |    311 |      0 |      0 |    251 |   1 |  311.0 |
      Ice Cave |   1106 |   1106 |      0 |    515 |     53 |   1 | 1106.0 |
        Wizlab |    756 |    756 |      0 |    457 |      0 |   1 |  756.0 |
      Gauntlet |    360 |    360 |      0 |     50 |      0 |   1 |  360.0 |
               +--------+--------+--------+--------+--------+-----+--------+

Top non-repeatable levels by time:
   Zot:4: 3959 daAuts
Depths:4: 3682 daAuts
    D:11: 3141 daAuts
   Elf:2: 2778 daAuts
   Zot:5: 2749 daAuts
Vaults:5: 2705 daAuts
   Zot:2: 2589 daAuts
Depths:3: 2419 daAuts
 Snake:4: 2294 daAuts
Shoals:4: 2150 daAuts
Vaults:2: 2031 daAuts
   Zot:3: 1988 daAuts
Vaults:1: 1920 daAuts
   Elf:3: 1881 daAuts
Vaults:3: 1868 daAuts
